 Dungeon Crawl Stone Soup version 0.31-a0-986-g5e6e4ef867 (webtiles) character file.

Game seed: 10764646414316870252

3 sammy202020 the Ruffian (level 1, -2/10 HPs)
             Began as a Vine Stalker Shapeshifter on Nov 9, 2023.
             Slain by a gnoll
             ... wielding a +2 whip of freezing
              (4 damage)
             ... on level 1 of the Dungeon.
             The game lasted 00:00:16 (165 turns).

sammy202020 the Ruffian (Vine Stalker Shapeshifter)  Turns: 165, Time: 00:00:17

Health: -2/10      AC:  2    Str: 16    XL:     1   Next: 50%
Magic:  0/2        EV: 12    Int: 10    God:
Gold:   11         SH:  0    Dex: 13    Spells: 0/0 levels left

rFire   . .          .
                       - Unarmed
rCold   . . .        (no shield)
rNeg    . . .        a - +0 animal skin
rPois   .            (helmet currently unavailable)
rElec   .            (cloak currently unavailable)
rCorr   .            (gloves currently unavailable)
SInv    .            (boots currently unavailable)
Will    .....        (no amulet)
Stlth   +            (no ring)
HPRegen 1.01/turn    (no ring)
MPRegen 0.08/turn

%: guardian spirit
@: beast-form
A: beast (slay +1), fangs 2, regeneration 1, magic shield, antimagic bite, no
potion heal 2
a: Begin Untransformation


You were on level 1 of the Dungeon.
You were a hulking beast.
You visited 1 branch of the dungeon, and saw 1 of its levels.

You collected 11 gold pieces.

Inventory:

Armour
 a - a +0 animal skin (worn)
Talismans
 c - a beast talisman
 d - a flux talisman
Potions
 b - a potion of lignification
 e - a potion of degeneration {unknown}


   Skills:
 * Level 1.0 Fighting
 + Level 0.0 Armour
 + Level 1.6 Dodging
 * Level 3.0 Unarmed Combat
 * Level 0.2 Spellcasting
 * Level 3.0 Shapeshifting


You couldn't memorise any spells.
You didn't know any spells.
Your spell library was empty.

Dungeon Overview and Level Annotations

Branches:
Dungeon (1/15)

Altars:


Innate Abilities, Weirdness & Mutations

You are a hulking beast.
Your limbs bulge with bestial killing power. (Slay +1)
You have extremely sharp teeth.
Your natural rate of healing is unusually fast.
When hurt, damage is shared between your health and your magic reserves.
Your bite disrupts and absorbs the magic of your enemies.
Potions cannot restore your health.


Message History

You hit the rat.
You kill the rat!
No target in view!
You see here a rat corpse.
e - a purple potion A kobold comes into view.
It is wielding a +0 dagger.
A kobold is nearby!
The kobold shouts!
The kobold hits you but does no damage.
You hit the kobold but do no damage. Your bite misses the kobold.
The kobold hits you with a +0 dagger.
You hit the kobold but do no damage. You bite the kobold.
You kill the kobold!
Your Fighting skill increases to level 1!
No target in view!
No target in view!
No target in view!
No target in view!
No target in view!
No target in view!
No target in view!
No target in view!
Magic restored.
Things that are here:
a +0 dagger; a kobold corpse
Found 2 stones.
You now have 11 gold pieces.
Found a hand axe.
Unknown command.
An endoplasm, a quokka and a gnoll come into view.
The gnoll is wielding a +2 whip of freezing.
Found 11 gold pieces.
The endoplasm quivers.
There are monsters nearby!
There are monsters nearby!
The gnoll hits you with a +2 whip of freezing!
Ouch! That really hurt!
* * * LOW HITPOINT WARNING * * *
The gnoll freezes you.
You die...

... #.# .) #J##.# ###
#.##.# ##.# #r##.# #.#
##.#. #.##.# #.# #.#..
#g##.# #.# ##...
#####h##.# #.# ##.#
#....?...###.# #.#
#.$........#.# #.#
#......###.#.#######.#
........#
#............
###......#
#.#########.#
#..........# #.#
#.......#### #.#
####.### #(#


You could see a gnoll, an endoplasm and a quokka.

Vanquished Creatures
  A giant cockroach (D:1)
  A kobold (D:1)
  A rat (D:1)
3 creatures vanquished.

Notes
Turn   | Place    | Note
-------+----------+-------------------------------------------
     0 | D:1      | sammy202020 the Vine Stalker Shapeshifter began the quest
                  | for the Orb.
     0 | D:1      | Reached XP level 1. HP: 9/9 MP: 2/2
   107 | D:1      | Reached skill level 1 in Fighting
   165 | D:1      | Slain by a gnoll

Illustrated notes

Levels and vault maps discovered:
D:1:      ncdulo_lavacross, layout_loops_ring

Skill      XL: |  1 |
---------------+----+-----
Fighting       | 1 |  1.0
Dodging        | |  1.6
Unarmed Combat | |  3.0
Spellcasting   | |  0.2
Shapeshifting  | |  3.0

Action                     || total
---------------------------++-------
  Melee: Unarmed           ||     5
         Bite              ||     1
   Stab: Sleeping          ||     1
 Armour: Animal skin       ||     4

Table legend: (Time is in decaauts)
 A = Elapsed time spent in this place.
 B = Non-inter-level travel time spent in this place.
 C = Inter-level travel time spent in this place.
 D = Time resting spent in this place.
 E = Time spent auto-exploring this place.
 F = Levels seen in this place.
 G = Mean time per level.
                   A        B        C        D        E       F      G
               +--------+--------+--------+--------+--------+-----+--------+
         Total |    164 |    164 |      0 |      0 |    144 |   1 |  164.0 |
       Dungeon |    164 |    164 |      0 |      0 |    144 |   1 |  164.0 |
               +--------+--------+--------+--------+--------+-----+--------+

Top non-repeatable levels by time:
     D:1: 164 daAuts
